Map: Acropolis LE

Players

AiDz

  • Race: Terran Terran
  • League: Gold
  • Spawn Location: 5:00

sandboX - Winner!

  • Race: Zerg Zerg
  • League: Gold
  • Spawn Location: 11:00

VOD

Have the link to the VOD?

Description

Time

  • Played on: Aug. 15, 2019, 2:49 a.m.
  • Length: 10:36
Show
View Real Time Build Order
Export as new Build Order

AiDz Terran 

Build Orders:  

Get SALT Encoding   

  12  0:01  SCV  
  13  0:14  Supply Depot  
  13  0:19  SCV  
  14  0:31  SCV  
  15  0:39  Barracks  
  15  0:45  SCV  
  15  0:49  Refinery  
  17  0:57  SCV  
  17  1:09  SCV  
  18  1:23  Refinery, SCV  
  19  1:34  Supply Depot  
  19  1:36  Reaper  
  21  1:41  Orbital Command  
  20  1:58  Bunker  
  20  2:14  Barracks Reactor  
  20  2:34  SCV  
  21  2:39  Barracks  
  21  2:46  SCV  
  22  2:57  Marine x2  
  24  2:58  SCV  
  25  3:08  Factory  
  25  3:10  SCV  
  26  3:15  Marine x2  
  27  3:22  Supply Depot  
  27  3:24  SCV  
  28  3:29  Barracks Tech Lab  
  28  3:32  Barracks  
  28  3:33  Marine x2  
  29  3:37  SCV  
  30  3:43  Supply Depot  
  30  3:45  Engineering Bay  
  30  3:49  SCV  
  30  3:51  Marine x2  
  33  4:01  Factory Tech Lab  
  33  4:02  Starport  
  33  4:08  Stimpack  
  33  4:10  Marine  
  33  4:14  Marine  
  35  4:23  Missile Turret  
  35  4:26  Barracks Reactor  
  35  4:32  Supply Depot  
  35  4:36  Terran Infantry Weapons Level 1  
  35  4:37  Marine  
  36  4:40  Marine  
  36  4:45  Marauder  
  39  5:07  Starport Reactor  
  39  5:20  Marine x2  
  41  5:21  Marine  
  41  5:22  Marine  
  41  5:23  Marauder  
  41  5:27  Siege Tank  
  48  5:38  Command Center  
  48  5:46  Medivac x2  
  52  5:50  Marine  
  52  5:51  Marine  
  52  5:53  Marine  
  55  6:27  Concussive Shells  
  55  6:33  Supply Depot  
  55  6:34  Supply Depot  
  55  6:50  Viking, Marine x4  
  58  7:08  Marine x2, Marauder  
  59  7:09  Marine x2  
  62  7:23  Supply Depot  
  62  7:29  Marauder  
  64  7:38  Orbital Command  
  64  7:46  SCV  
  64  7:51  Supply Depot  
  65  7:58  SCV  
  66  8:03  Engineering Bay  
  66  8:04  Fusion Core  
  66  8:10  SCV  
  67  8:13  Supply Depot  
  53  8:34  Marine x4  
  53  8:35  Marine  
  58  8:52  Marine x5  
  55  9:08  SCV  
  55  9:09  Siege Tank, Marine  
  59  9:10  Marine x3  
  59  9:11  Marauder  
  65  9:27  Marine  
  65  9:28  Marine x2  
  68  9:33  Marine x2  
  70  9:41  Siege Tank  
  70  9:52  Marauder  
  41  10:13  Marauder  
Show
View Real Time Build Order
Export as new Build Order

sandboX Zerg - Winner!

Build Orders: Hatch First 

Get SALT Encoding   

  12  0:01  Drone  
  13  0:14  Overlord  
  13  0:23  Drone  
  14  0:33  Drone x2  
  16  0:53  Hatchery  
  15  0:58  Drone x2  
  15  1:02  Drone  
  18  1:06  Extractor  
  17  1:22  Spawning Pool  
  17  1:24  Drone  
  17  1:28  Drone  
  18  1:35  Drone  
  19  1:46  Drone  
  20  2:08  Zergling x2  
  20  2:09  Zergling x4  
  20  2:14  Queen x2  
  27  2:16  Metabolic Boost  
  27  2:21  Drone  
  28  2:28  Overlord  
  28  2:35  Overlord  
  28  2:47  Drone x3  
  28  2:48  Drone  
  31  3:16  Drone x2  
  31  3:18  Hatchery  
  32  3:30  Spore Crawler  
  32  3:31  Spore Crawler  
  30  3:43  Drone x8  
  38  3:56  Drone x5  
  43  4:03  Roach Warren  
  42  4:19  Extractor  
  42  4:23  Extractor  
  40  4:27  Drone x2  
  40  4:28  Drone x2  
  44  4:32  Overlord x2  
  44  4:34  Drone x2  
  46  4:47  Roach x2  
  54  4:53  Roach x6  
  62  5:00  Drone x2  
  64  5:08  Lair  
  63  5:15  Evolution Chamber, Roach x2  
  63  5:17  Overlord x2  
  63  5:18  Evolution Chamber  
  65  5:35  Drone x7, Queen  
  73  5:40  Drone x2  
  73  5:41  Overlord  
  76  5:49  Spore Crawler  
  75  5:53  Zerg Ground Armor Level 1, Zerg Missile Weapons Level 1  
  75  5:59  Drone x3  
  75  6:00  Drone  
  75  6:02  Extractor  
  75  6:04  Extractor  
  77  6:07  Drone x3  
  77  6:08  Drone  
  81  6:12  Glial Reconstitution  
  81  6:15  Hydralisk Den  
  80  6:19  Overlord  
  80  6:21  Roach x2  
  84  6:33  Drone x6  
  90  6:45  Roach x2  
  90  6:46  Roach x2  
  97  7:02  Overlord  
  97  7:03  Overlord x3  
  95  7:18  Overlord x4  
  95  7:23  Hydralisk x9  
  95  7:28  Muscular Augments  
  113  7:43  Hatchery  
  112  7:50  Roach x9  
  130  8:01  Zerg Ground Armor Level 2, Zerg Missile Weapons Level 2  
  130  8:10  Hydralisk x3  
  130  8:11  Hydralisk x2  
  138  8:30  Hydralisk x4  
  138  8:34  Overlord x5  
  144  9:10  Overlord x3  
  144  9:27  Hatchery  
  139  9:50  Roach x18  
  163  9:58  Roach x6  
  157  10:16  Roach  
Tags
 
Add a new tag
Caveats
  • Supply blocks, unpowered buildings, or Contaminate may cause inaccurate times.
  • Supply counts are checked every 10 seconds.